 Dungeon Crawl Stone Soup version 0.31-a0-217-g58bb5d79cf (webtiles) character file.

Game seed: 15859520081158510431

98 qw the Chopper (level 4, 0/28 HPs)
             Began as a Gargoyle Fighter on July 2, 2023.
             Killed from afar by Ijyb (9 damage)
             ... with a puff of flame
             ... on level 3 of the Dungeon.
             The game lasted 00:01:02 (1508 turns).

qw the Chopper (Gargoyle Fighter)                   Turns: 1508, Time: 00:01:03

Health: 0/28       AC: 11    Str: 22    XL:     4   Next: 69%
Magic:  4/4        EV: 14    Int:  8    God:
Gold:   115        SH:  4    Dex:  9    Spells: 3/3 levels left

rFire   . . .        Y - +0 war axe
rCold   . . .        c - +0 buckler
rNeg    + . .        b - +0 scale mail
rPois   inf          (no helmet)
rElec   +            (no cloak)
rCorr   .            (no gloves)
SInv    .            i - +0 pair of boots
Will    .....        (no amulet) Stlth
                     h - +5 ring of evasion
HPRegen 0.24/turn    (no ring)
MPRegen 0.09/turn

%: no passive effects
@: no status effects
A: sickness immunity, AC +3, negative energy resistance 1, electricity
resistance, torment resistance 1, petrification resistance
a: no special abilities


You were on level 3 of the Dungeon.
You visited 1 branch of the dungeon, and saw 3 of its levels.

You collected 115 gold pieces.


Innate Abilities, Weirdness & Mutations

You are immune to sickness and miasma.
Your stone body is resilient. (AC +3)
You are immune to poison.
You resist negative energy. (rN+)
You are resistant to electric shocks. (rElec)
You are resistant to unholy torment.
You are immune to petrification.


   Skills:
 - Level 3.2 Fighting
 + Level 4.3 Axes
 - Level 3.2 Armour
 - Level 3.2 Shields


You had 3 spell levels left.
You didn't know any spells.
Your spell library was empty.

Inventory:

Hand Weapons
 a - a +0 mace
 Y - a +0 war axe (weapon)
Armour
 b - a +0 scale mail (worn)
 c - a +0 buckler (worn)
 e - the +2 leather armour "Zoloc" {rElec rF+ Will+}
   (You found it on level 3 of the Dungeon)

   rF:        It protects you from fire.
   rElec:     It insulates you from electricity.
   Will:      It increases your willpower.
 i - a +0 pair of boots (worn)
Jewellery
 h - a +5 ring of evasion (left hand)
 l - a ring of wizardry
Scrolls
 k - 2 scrolls of identify
 m - a scroll of noise {unknown}
Potions
 d - a potion of might
 f - a potion of cancellation {unknown}
 g - a potion of degeneration {unknown}
 j - a potion of heal wounds {unknown}

Dungeon Overview and Level Annotations

Branches:
Dungeon (3/15)

Altars:

Shops:
D:1 =

Annotations:
D:3 Ijyb


Message History

You miss the adder.
The adder is almost dead.
You closely miss Ijyb. You block the adder's attack.
Ijyb hits you but does no damage. You block the adder's attack.
You barely miss the adder.
The adder is almost dead.
You closely miss Ijyb. Ijyb barely misses you.
The adder bites you but does no damage. Ijyb hits you with a +0 dagger.
The adder bites you but does no damage.
You miss the adder.
The adder is almost dead.
You hit Ijyb but do no damage. The adder barely misses you.
Ijyb hits you but does no damage.
You barely miss the adder.
The adder is almost dead.
You closely miss Ijyb. The adder bites you but does no damage.
Ijyb zaps a wand.
The puff of flame hits you. You block the adder's attack.
You slash the adder!
You kill the adder!
You closely miss Ijyb. Ijyb hits you but does no damage.
You barely miss Ijyb.
Ijyb is heavily wounded.
Ijyb closely misses you. Ijyb misses you.
You barely miss Ijyb.
Ijyb is heavily wounded.
Ijyb hits you with a +0 dagger.
You closely miss Ijyb.
Ijyb is heavily wounded.
Ijyb zaps a wand.
The puff of flame hits you but does no damage.
You closely miss Ijyb.
Ijyb is heavily wounded.
Ijyb barely misses you. x2
You hit Ijyb but do no damage.
Ijyb is heavily wounded.
Ijyb zaps a wand.
The puff of flame hits you!
You die...

#.......# #.#.
#.#....#. #.#.
##...##.#> ##...
...#. ##.. ##....
....##.## ##.....
#.?#....#. #......
#..##..%.# ......g##
#..##.....
[.....)@###
#..##.####
...b.....(# ###..##.#
........#.# #....##.#
.P777..~~.###.#.###.#
P .[..P~~...........#
7.77PP........#####
7.. 77............#
P. 7.7#.##.####.# ..P
#.##.# #


You could see Ijyb.

Vanquished Creatures
  4 adders
  3 worms
  2 dart slugs
  A bat (D:1)
  6 endoplasms
  A giant cockroach (D:1)
  5 goblins
  3 hobgoblins
  3 jackals (D:1)
  5 kobolds
  A quokka (D:3)
  5 ball pythons
  A frilled lizard (D:3)
  4 rats
44 creatures vanquished.

Notes
Turn   | Place    | Note
-------+----------+-------------------------------------------
     0 | D:1      | qw the Gargoyle Fighter began the quest for the Orb.
     0 | D:1      | Reached XP level 1. HP: 14/14 MP: 1/1
     0 | D:1      | 0 ||| qw: Version: 0.3-a-40-ge99b1a8
     0 | D:1      | 0 ||| qw: Game counter: 256
     0 | D:1      | 0 ||| qw: Melee chars always use a shield: true
     0 | D:1      | 0 ||| qw: God list: Okawaru
     0 | D:1      | 0 ||| qw: Allow faded altars: false
     0 | D:1      | 0 ||| qw: Do Orc after clearing Dungeon:15 true
     0 | D:1      | 0 ||| qw: Do second Lair branch before Depths: true
     0 | D:1      | 0 ||| qw: Lair rune preference: random
     0 | D:1      | 0 ||| qw: Goals: Normal, Zot:1-4, Slime:5, God:TSO, Crypt,
                  | Tomb, Abyss, Pan, Hells, Win
     0 | D:1      | 0 ||| PLANNING D:1-11
    24 | D:1      | Reached skill level 2 in Axes
    81 | D:1      | 81 ||| Stepping ~*~*~tactically~*~*~ (hiding).
    82 | D:1      | 82 ||| Stepping ~*~*~tactically~*~*~ (hiding).
   108 | D:1      | Reached XP level 2. HP: 19/19 MP: 2/2
   171 | D:1      | 171 ||| Stepping ~*~*~tactically~*~*~ (stealth).
   352 | D:1      | 352 ||| Stepping ~*~*~tactically~*~*~ (stealth).
   353 | D:1      | 353 ||| Stepping ~*~*~tactically~*~*~ (stealth).
   354 | D:1      | 354 ||| Stepping ~*~*~tactically~*~*~ (stealth).
   357 | D:1      | Reached skill level 3 in Axes
   364 | D:1      | Reached XP level 3. HP: 23/23 MP: 3/3
   376 | D:1      | 376 ||| DROPPING +0 club.
   377 | D:1      | 377 ||| Stepping ~*~*~tactically~*~*~ (stealth).
   378 | D:1      | 378 ||| Stepping ~*~*~tactically~*~*~ (stealth).
   379 | D:1      | 379 ||| Stepping ~*~*~tactically~*~*~ (stealth).
   422 | D:1      | Found Luumaf's Jewellery Boutique.
   431 | D:1      | 431 ||| SHOPLISTING +4 ring of protection (432 gold, have
                  | 46).
   431 | D:1      | 431 ||| SHOPLISTING +5 ring of evasion (432 gold, have 46).
   431 | D:1      | 431 ||| SHOPLISTING +6 ring of strength (432 gold, have
                  | 46).
   431 | D:1      | 431 ||| SHOPLISTING amulet of Nobena {Acrobat Stlth+} (477
                  | gold, have 46).
   431 | D:1      | 431 ||| SHOPLISTING amulet of faith (480 gold, have 46).
   431 | D:1      | 431 ||| SHOPLISTING amulet of reflection (360 gold, have
                  | 46).
   431 | D:1      | 431 ||| SHOPLISTING ring of fire (300 gold, have 46).
   431 | D:1      | 431 ||| SHOPLISTING ring of protection from fire (300 gold,
                  | have 46).
   470 | D:1      | 470 ||| UPGRADING to +0 pair of boots.
   475 | D:1      | 475 ||| UPGRADING to +5 ring of evasion.
   476 | D:1      | 476 ||| READING 3 scrolls labelled JOJOUSTABU.
   477 | D:1      | 477 ||| READING scroll labelled HAMUMASEAPS.
   478 | D:1      | 478 ||| READING scroll labelled ECSOMM XIRHI.
   479 | D:1      | 479 ||| READING scroll labelled XOWEDOK XUVU.
   480 | D:1      | 480 ||| READING scroll labelled EFOZAI WIMPENN.
   481 | D:1      | 481 ||| DROPPING 2 scrolls of vulnerability.
   585 | D:2      | 585 ||| Stepping ~*~*~tactically~*~*~ (hiding).
   728 | D:2      | 728 ||| Stepping ~*~*~tactically~*~*~ (stealth).
   919 | D:2      | Reached XP level 4. HP: 28/28 MP: 4/4
  1079 | D:2      | Reached skill level 4 in Axes
  1244 | D:2      | 1244 ||| READING 2 scrolls labelled ULODAAC UGONA.
  1245 | D:2      | 1245 ||| READING scroll labelled FOESY LICE.
  1249 | D:2      | 1249 ||| DROPPING scroll of immolation.
  1361 | D:3      | 1361 ||| DROPPING +0 whip.
  1405 | D:3      | Identified the +2 leather armour "Zoloc" {rElec rF+ Will+}
  1435 | D:3      | 1435 ||| Stepping ~*~*~tactically~*~*~ (stealth).
  1486 | D:3      | Noticed Ijyb
  1508 | D:3      | Killed from afar by Ijyb

Levels and vault maps discovered:
D:1:      onia_arrival_handbag, layout_basic, serial_shops, shop
D:2:      layout_loops_ring
D:3:      layout_loops_ring, nicolae_elyvilon_peaceful_grove, hellmonk_no_cap,
          uniq_crazy_yiuf_cottage, uniq_ijyb

Skill      XL: |  1  2  3  4 |
---------------+-------------+-----
Axes           | 2 3 4 |  4.3
Fighting       | |  3.2
Armour         | |  3.2
Shields        | |  3.2

Action                     |  1- 3 |  4- 6 || total
---------------------------+-------+-------++-------
  Melee: War axe           |    83 |    78 ||   161
    Use: Scroll            |     5 |     2 ||     7
 Armour: Scale mail        |    32 |    38 ||    70
  Dodge: Dodged            |    37 |    59 ||    96
  Block: Buckler           |    11 |    13 ||    24

Table legend:
 A = Non-vault XP
 B = Vault XP
 C = Vault XP percentage of total XP
 D = Non-vault monster count
 E = Vault monster count
 F = Vault count percentage of total count
                 A         B        C        D         E       F
            +---------+---------+-------+---------+---------+-------
      Total |     134 |       6 |   4.3 |      40 |       4 |   9.1
            +---------+---------+-------+---------+---------+-------
        D:1 |      38 |       6 |  13.6 |      19 |       4 |  17.4
        D:2 |      68 |       0 |   0.0 |      13 |       0 |   0.0
        D:3 |      28 |       0 |   0.0 |       8 |       0 |   0.0
            +---------+---------+-------+---------+---------+-------
